 Dungeon Crawl Stone Soup version 0.29-a0-609-gb56f46d856 (webtiles) character file.

Game seed: 16774835029793044872

86 KristoblXynda the Slasher (level 4, -1/34 HPs)
             Began as a Demonspawn Gladiator on June 16, 2022.
             Slain by Natasha (6 damage)
             ... on level 2 of the Dungeon.
             The game lasted 00:01:13 (1294 turns).

KristoblXynda the Slasher (Demonspawn Gladiator)    Turns: 1294, Time: 00:01:14

Health: -1/34      AC:  8    Str: 14    XL:     4   Next: 27%
Magic:  4/4        EV: 16    Int:  9    God:
Gold:   53         SH:  0    Dex: 17    Spells: 3/3 levels left

rFire   . . .      SeeInvis .   a - +0 long sword
rCold   . . .      Faith    .   (no shield)
rNeg    . . .      Spirit   .   n - +0 ring mail
rPois   .          Reflect  .   c - +0 helmet
rElec   .          Harm     .   (no cloak)
rCorr   .          Rampage  .   (no gloves)
Will    .....                   (no boots)
Stlth   +.........              (no amulet)
HPRegen 0.11/turn               k - +4 ring of evasion
MPRegen 0.09/turn               (no ring)

@: slowed, very slow
A: sharp scales 2
a: no special abilities


You were on level 2 of the Dungeon.
You visited 1 branch of the dungeon, and saw 2 of its levels.

You collected 53 gold pieces.

Inventory:

Hand Weapons
 a - a +0 long sword (weapon)
Missiles
 d - 3 throwing nets (quivered)
 e - a javelin
Armour
 c - a +0 helmet (worn)
 n - a +0 ring mail (worn)
Jewellery
 k - a +4 ring of evasion (left hand)
Scrolls
 f - a scroll of blinking {unknown}
 g - a scroll of summoning {unknown}
 h - a scroll of magic mapping {unknown}
 j - a scroll of teleportation {unknown}
 l - a scroll of identify {unknown}
 m - a scroll of noise {unknown}
Potions
 i - a potion of magic {unknown}


   Skills:
 + Level 2.7 Fighting
 * Level 3.5 Long Blades
 - Level 2.0 Throwing
 + Level 1.1 Armour
 + Level 3.2 Dodging


You had 3 spell levels left.
You didn't know any spells.
Your spell library was empty.

Dungeon Overview and Level Annotations

Branches:
Dungeon (2/15)

Altars:

Annotations:
D:2 Natasha


Innate Abilities, Weirdness & Mutations

You are mostly covered in razor-sharp scales. (AC +2, Slay +2)


Message History

You barely miss Natasha. You punch Natasha, but do no damage.
Natasha is heavily wounded.
Natasha zaps a wand.
The puff of flame misses you.
You barely miss Natasha.
Natasha is heavily wounded.
Natasha casts a spell at you.
You feel yourself slow down.
You barely miss Natasha.
Natasha is heavily wounded.
Natasha barely misses you.
Natasha stares at you and mumbles some strange words.
You feel as though you will be slow longer.
You slash Natasha!
Natasha is almost dead.
Natasha seems less brilliant.
Natasha claws you.
Natasha zaps a wand.
The puff of flame hits you but does no damage.
You hit Natasha.
You kill Natasha!
Natasha screams in fury as she dies!
You have reached level 4!
You feel agile.
You start resting.
Natasha, Servant of Life and Death comes into view.
She is carrying a wand of flame (5).
Natasha is nearby!
Natasha is nearby!
Natasha zaps a wand.
The puff of flame misses you.
Natasha zaps a wand.
The puff of flame hits you. Natasha barely misses you.
You hit Natasha.
Natasha is moderately wounded.
Natasha zaps a wand.
The puff of flame hits you!
* * * LOW HITPOINT WARNING * * *
Natasha misses you.
You hit Natasha.
Natasha is heavily wounded.
Natasha barely misses you.
Natasha zaps a wand.
The puff of flame misses you.
You hit Natasha.
Natasha is severely wounded.
Natasha claws you.
You die...

## ##### #.
#...######..
#.#.#.......
## #.#...# .#
#..#
#<#..###.#
#..#.#......#
#..h@..$.##
#...)....#
#........#
#........#
#........#
###.####...
#.# .### #..
.#


You could see Natasha.

Vanquished Creatures
  Natasha (twice) (D:2)
  A worm (D:1)
  2 dart slugs (D:1)
  2 bats (D:1)
  2 endoplasms (D:1)
  A giant cockroach (D:1)
  4 goblins (D:1)
  3 hobgoblins
  3 kobolds (D:1)
  2 quokkas (D:1)
  6 ball pythons (D:1)
28 creatures vanquished.

Notes
Turn   | Place    | Note
-------+----------+-------------------------------------------
     0 | D:1      | KristoblXynda the Demonspawn Gladiator began the quest for
                  | the Orb.
     0 | D:1      | Reached XP level 1. HP: 16/16 MP: 1/1
   206 | D:1      | Gained mutation: You are partially covered in razor-sharp
                  | scales. (AC +1, Slay +1) [demonic ancestry]
   206 | D:1      | Reached XP level 2. HP: 22/22 MP: 2/2
   805 | D:1      | Gained mutation: You are mostly covered in razor-sharp
                  | scales. (AC +2, Slay +2) [demonic ancestry]
   805 | D:1      | Reached XP level 3. HP: 25/28 MP: 3/3
  1226 | D:2      | Noticed Natasha
  1234 | D:2      | Killed Natasha
  1242 | D:2      | Reached skill level 1 in Armour
  1247 | D:2      | Noticed Natasha
  1261 | D:2      | Killed Natasha
  1262 | D:2      | Reached XP level 4. HP: 12/34 MP: 4/4
  1288 | D:2      | Noticed Natasha
  1294 | D:2      | Slain by Natasha

Illustrated notes

Levels and vault maps discovered:
D:1:      nzn_arrival_settlement, layout_loops_ring, serial_glass,
          glass_columns_a, glass_columns_c, nicolae_wormholes
D:2:      layout_rooms, serial_shops, nicolae_shop_behind_doors,
          nicolae_square_shop, shop_fountains, serial_aquarium,
          aquarium_bridge_straight [aquarium_subvault_bridge,
          aquarium_subvault_wall, aquarium_subvault_bridge,
          aquarium_subvault_balcony], aquarium_bridge_square
          [aquarium_subvault_window, aquarium_subvault_balcony,
          aquarium_subvault_window, aquarium_subvault_bridge],
          aquarium_window_fake, aquarium_window_corridor_1, aquarium_window_1,
          aquarium_window_2, aquarium_view_2e, aquarium_balcony_3b,
          aquarium_pool_2, minivault_23, due_unseen_surprise, uniq_natasha

Skill      XL: |  1  2  3 |
---------------+----------+-----
Throwing       | 2 |  2.0
Long Blades    | 3 |  3.5
Dodging        | 3 |  3.2
Armour         | 1 |  1.1
Fighting       | |  2.7

Action                   |  1- 3 |  4- 6 || total
-------------------------+-------+-------++-------
Melee: Long sword        |    93 |     3 ||    96
       Punch             |     2 |       ||     2
 Stab: Sleeping          |     1 |       ||     1
Armor: Leather armour    |    22 |       ||    22
       Ring mail         |     4 |       ||     4
Dodge: Dodged            |    67 |     5 ||    72

Table legend: (Time is in decaauts)
 A = Elapsed time spent in this place.
 B = Non-inter-level travel time spent in this place.
 C = Inter-level travel time spent in this place.
 D = Time resting spent in this place.
 E = Time spent auto-exploring this place.
 F = Levels seen in this place.
 G = Mean time per level.
                   A        B        C        D        E       F      G
               +--------+--------+--------+--------+--------+-----+--------+
         Total |   1334 |   1269 |     65 |    341 |    698 |   2 |  667.0 |
       Dungeon |   1334 |   1269 |     65 |    341 |    698 |   2 |  667.0 |
               +--------+--------+--------+--------+--------+-----+--------+

Top non-repeatable levels by time:
     D:1: 1243 daAuts
     D:2: 91 daAuts
